 Dungeon Crawl Stone Soup version 0.27-a0-1591-gc56fcc985a (webtiles) character file.

Game seed: 16164610719458204840

33446 Demosthentine the Impaler (level 13, -4/109 HPs)
             Began as a Merfolk Gladiator on July 19, 2021.
             Was a High Priest of the Shining One.
             Slain by a dire elephant simulacrum (20 damage)
             ... in an ice cave.
             The game lasted 00:21:36 (20664 turns).

Demosthentine the Impaler (Merfolk Gladiator)      Turns: 20664, Time: 00:21:37

Health: -4/109     AC: 13    Str: 17    XL:     13   Next: 71%
Magic:  16/19      EV: 28    Int:  8    God:    the Shining One [*****.]
Gold:   1180       SH: 17    Dex: 29    Spells: 12/12 levels left

rFire    . . .     SeeInvis .   a - +1 trident
rCold    + . .     Faith    .   I - +0 buckler
rNeg     + + +     Spirit   .   A - +0 steam dragon scales
rPois    .         Reflect  .   j - +1 helmet of Divine Intervention {rN+ Will+}
rElec    .         Harm     .   o - +1 cloak
rCorr    .         Rampage  .   g - +1 pair of gloves
Will     ++...                  (no boots)
Stlth    +.........             c - amulet of Divine Intervention {Acrobat rC+ Dex+6}
HPRegen  0.28/turn              n - +6 ring of dexterity
MPRegen  0.16/turn              u - ring of willpower

@: divinely shielded, glowing
A: (nimble swimmer 2), mertail
a: Renounce Religion, Divine Shield, Cleansing Flame, Summon Divine Warrior


You were in an ice cave.
You worshipped the Shining One.
The Shining One was extremely pleased with you.
You visited 2 branches of the dungeon, and saw 16 of its levels.
You also visited: Ossuary and Ice Cave.

You collected 1706 gold pieces.
You spent 526 gold pieces at shops.

Inventory:

Hand Weapons
 a - a +1 trident (weapon)
 d - the +3 Elemental Staff {rElec rF++ rC++ Will++ AC+5}
   (You took it off a deep elf pyromancer on level 8 of the Dungeon)

   If the wielder is skilled in Evocations, they can discharge powerful blasts
   of elemental energy when striking with it.
   It enhances your fire, ice, earth and air magic.
   AC:        It affects your AC (+5).
   rF:        It greatly protects you from fire.
   rC:        It greatly protects you from cold.
   rElec:     It insulates you from electricity.
   Will:      It greatly increases your willpower.
Missiles
 E - a curare-tipped dart (quivered)
Armour
 g - a +1 pair of gloves (worn)
 j - the +1 helmet of Divine Intervention (worn) {rN+ Will+}
   (You bought it in a shop on level 3 of the Dungeon)

   rN:        It protects you from negative energy.
   Will:      It increases your willpower.
 o - a +1 cloak (worn)
 A - +0 steam dragon scales (worn)
 G - the +0 helmet "Jusuezyodd" {rPois rN+}
   (You found it on level 8 of the Dungeon)

   rPois:     It protects you from poison.
   rN:        It protects you from negative energy.
 I - a +0 buckler (worn)
Jewellery
 c - the amulet of Divine Intervention (around neck) {Acrobat rC+ Dex+6}
   (You acquired it on level 6 of the Dungeon)

   [amulet of the acrobat]

   It increases your evasion while moving and waiting.
   Dex:       It affects your dexterity (+6).
   rC:        It protects you from cold.
 n - a +6 ring of dexterity (left hand)
 u - a ring of willpower (right hand)
 H - an amulet of regeneration
Wands
 i - a wand of iceblast (6)
 t - a wand of paralysis (9)
 v - a wand of mindburst (48)
 B - a wand of acid (1)
Scrolls
 b - 3 scrolls of blinking
 h - 5 scrolls of fear
 k - a scroll of holy word
 p - a scroll of enchant weapon
 s - 4 scrolls of enchant armour
 w - 2 scrolls of magic mapping
 x - a scroll of amnesia
 F - 8 scrolls of teleportation
Potions
 e - 2 potions of lignification
 f - 3 potions of mutation
 l - 3 potions of brilliance
 m - 5 potions of attraction
 r - 4 potions of curing
 C - a potion of magic
 J - a potion of cancellation
 K - a potion of might {unknown}
 L - a potion of degeneration {unknown}
Miscellaneous
 q - a piece from Xom's chessboard (15/15)
 y - a piece from Xom's chessboard (15/15)


   Skills:
 + Level 12.4 Fighting
 + Level 15.8 Polearms
 - Level 2.0 Throwing
 - Level 5.9 Armour
 + Level 14.7 Dodging
 - Level 4.0 Shields
 + Level 9.2 Invocations


You had 12 spell levels left.
You didn't know any spells.
Your spell library contained the following spells:

 Spells                   Type           Power      Damage    Failure   Level
 Apportation              Tloc           0%         N/A       41%         1
 Summon Small Mammal      Summ           0%         N/A       41%         1
 Call Canine Familiar     Summ           0%         N/A       78%         3
 Dazzling Flash           Conj/Hex       0%         N/A       78%         3
 Gell's Gravitas          Tloc           0%         N/A       78%         3
 Portal Projectile        Hex/Tloc       0%         N/A       78%         3
 Summon Guardian Golem    Hex/Summ       0%         N/A       78%         3
 Teleport Other           Tloc           0%         N/A       78%         3
 Animate Armour           Summ/Erth      0%         N/A       99%         4
 Agony                    Necr           0%         N/A       100%        5
 Alistair's Intoxication  Tmut/Pois      0%         N/A       100%        5
 Blade Hands              Tmut           0%         N/A       100%        5
 Excruciating Wounds      Necr           0%         N/A       100%        5
 Silence                  Hex/Air        0%         N/A       100%        5
 Conjure Ball Lightning   Conj/Air       0%         3x3d6     100%        6
 Dispersal                Tloc           0%         N/A       100%        6
 Invisibility             Hex            0%         N/A       100%        6
 Iron Shot                Conj/Erth      0%         9d1       100%        6
 Discord                  Hex            0%         N/A       100%        8
 Disjunction              Tloc           0%         N/A       100%        8


Dungeon Overview and Level Annotations

Branches:
Dungeon (15/15)            Temple (1/1) D:6            Lair (0/6) D:8
    Orc (0/2) D:10         Vaults (0/5) D:13        Ossuary (visited)
  IceCv (1/1)
 Depths: D:15

Altars:
Ashenzari
Cheibriados
Dithmenos
Elyvilon
Fedhas
Gozag
Hepliaklqana
Kikubaaqudgha
Makhleb
Nemelex Xobeh
Okawaru
Qazlal
Ru
Sif Muna
Trog
Uskayaw
Vehumet
Wu Jian
Xom
Yredelemnul
Zin
The Shining One

Shops:
D:3 [

Portals:
Trove: D:11 (show abyssal rune of Zot)


Innate Abilities, Weirdness & Mutations

((You are quick and stealthy near water. (Stealth+, EV+, Speed+++)))
Your lower body shifts to a powerful aquatic tail in water.


Message History

You hit the dire elephant simulacrum but do no damage.
The dire elephant simulacrum is almost destroyed.
You block the harpy simulacrum's attack.
The harpy simulacrum completely misses you.
Unknown command.
You hit the dire elephant simulacrum.
The dire elephant simulacrum is almost destroyed.
The harpy simulacrum barely misses you.
You block the harpy simulacrum's attack.
The harpy simulacrum completely misses you. x2
You block the dire elephant simulacrum's attack.
The dire elephant simulacrum misses you.
You hit the dire elephant simulacrum but do no damage.
The dire elephant simulacrum is almost destroyed.
You block the harpy simulacrum's attack. x2
Unknown command.
You hit the dire elephant simulacrum but do no damage.
The dire elephant simulacrum is almost destroyed.
The harpy simulacrum misses you.
You block the harpy simulacrum's attack.
The dire elephant simulacrum closely misses you.
The dire elephant simulacrum trunk-slaps you but does no damage.
You block the harpy simulacrum's attack.
The harpy simulacrum misses you.
You completely miss the dire elephant simulacrum.
The dire elephant simulacrum is almost destroyed.
The harpy simulacrum claws you.
* * * LOW HITPOINT WARNING * * *
The harpy simulacrum freezes you! You resist.
* * * LOW HITPOINT WARNING * * *
You block the harpy simulacrum's attack.
You hit the dire elephant simulacrum but do no damage.
The dire elephant simulacrum is almost destroyed.
The harpy simulacrum completely misses you.
You block the harpy simulacrum's attack.
The dire elephant simulacrum tramples you!!
The Shining One protects you from harm!
The dire elephant simulacrum freezes you!!
You resist.
You die...

#### ##.Z##
##
##..@Z##..##
#..........#
#.∩.∩.......#
#.......##...
##....### ..
##..## ####


You could see a dire elephant simulacrum and a harpy simulacrum.

Vanquished Creatures
  Jorgrun (D:13)
  Azrael (D:13)
  Harold (D:7)
  3 vault guards (D:13)
  3 hydras
  2 centaur warriors
  6 two-headed ogres
  2 orc knights (D:13)
  4 deep elf pyromancers
  An orc sorcerer (D:13)
  An ugly thing (D:11)
  2 manticores
  4 cyclopes
  3 gargoyles
  A kobold demonologist (D:13)
  An ice devil (D:8)
  A komodo dragon (D:13)
  A tengu conjurer (D:13)
  A yaktaur (D:13)
  An anaconda simulacrum (IceCv)
  A freezing wraith (IceCv)
  A polar bear (D:15)
  5 slime creatures
  A hornet (D:10)
  A meliai zombie (D:11)
  2 centaur simulacra (D:15)
  2 shadows
  4 wraiths
  A wyvern (D:7)
  9 fire elementals
  8 yaks
  4 steam dragons
  2 vampire mosquitoes (D:12)
  2 acid dragons
  A hell hound (D:13)
  3 water moccasins
  8 orc warriors
  3 sky beasts
  An ice beast (D:6)
  A necrophage (D:8)
  10 centaurs
  3 boggarts (D:12)
  2 ogres (D:7)
  A kobold brigand (D:9)
  4 bullfrogs
  A scorpion (D:7)
  A wyvern skeleton (D:4)
  A troll zombie (Ossuary)
  A wight (D:7)
  4 howler monkeys
  A lindwurm simulacrum (IceCv)
  9 killer bees
  An electric eel (D:10)
  4 centaur zombies
  A lava snake (D:10)
  2 jellies
  4 hounds
  A gnoll shaman (D:7)
  A human zombie (Ossuary)
  11 orc priests
  A centaur skeleton (D:7)
  11 orc wizards
  2 iguanas
  A killer bee zombie (D:7)
  3 ogre zombies (Ossuary)
  A hound skeleton (D:4)
  7 mummies (Ossuary)
  A howler monkey skeleton (D:4)
  6 gnolls
  7 adders
  A shadow imp (D:6)
  2 white imps
  3 ufetubi
  4 adder zombies (Ossuary)
  A worm (D:4)
  2 dart slugs
  47 orcs
  7 endoplasms
  A giant cockroach (D:2)
  9 goblins
  5 hobgoblins
  4 jackals
  12 kobolds
  2 quokkas
  11 ball pythons
  7 bats
  5 frilled lizards
  A gnoll zombie (Ossuary)
  5 goblin zombies (Ossuary)
  5 hobgoblin zombies (Ossuary)
  3 kobold zombies (Ossuary)
  2 quokka zombies (Ossuary)
  6 rats
  4 rat zombies (Ossuary)
352 creatures vanquished.

Vanquished Creatures (others)
  An ufetubus (D:7)
  An orc (D:8)
2 creatures vanquished.

Grand Total: 354 creatures vanquished

Notes
Turn   | Place    | Note
-------+----------+-------------------------------------------
     0 | D:1      | Demosthentine the Merfolk Gladiator began the quest for the
                  | Orb.
     0 | D:1      | Reached XP level 1. HP: 16/16 MP: 1/1
    82 | D:1      | Reached XP level 2. HP: 11/23 MP: 2/2
   760 | D:1      | Reached XP level 3. HP: 28/28 MP: 3/3
  1191 | D:2      | Reached skill level 5 in Polearms
  1191 | D:2      | Reached skill level 1 in Armour
  1920 | D:2      | Reached XP level 4. HP: 35/35 MP: 4/4
  2532 | D:3      | Found Tyokan Litoa's Antique Armour Boutique.
  3084 | D:3      | Reached skill level 5 in Dodging
  3715 | D:4      | Reached XP level 5. HP: 22/41 MP: 5/5
  4229 | D:4      | Reached skill level 6 in Polearms
  4229 | D:4      | Reached XP level 6. HP: 17/48 MP: 6/6
  4885 | D:4      | Identified a scroll of acquirement
  4885 | D:4      | Acquired 525 gold pieces
  4926 | D:3      | Bought an ancient helmet for 294 gold pieces
  4926 | D:3      | Identified the +1 helmet of Divine Intervention {rN+ Will+}
                  | (You bought it in a shop on level 3 of the Dungeon)
  4926 | D:3      | Bought an embroidered cloak for 232 gold pieces
  4977 | D:5      | Entered Level 5 of the Dungeon
  5357 | D:5      | Reached XP level 7. HP: 39/55 MP: 7/7
  6166 | D:6      | Found a staircase to the Ecumenical Temple.
  6192 | D:6      | Reached skill level 7 in Polearms
  6203 | Temple   | Entered the Ecumenical Temple
  6322 | Temple   | Became a worshipper of Elyvilon the Healer
  6353 | D:6      | Found a broken altar of Ashenzari.
  6396 | D:6      | HP: 1/55 [sky beast (6)]
  6404 | D:6      | Reached skill level 5 in Fighting
  6529 | D:6      | Found a glowing golden altar of the Shining One.
  6570 | D:6      | Reached XP level 8. HP: 62/62 MP: 8/8
  6609 | D:6      | Reached skill level 8 in Polearms
  7432 | D:6      | Found a glowing silver altar of Zin.
  7433 | D:6      | Found a hazy altar of Hepliaklqana.
  7434 | D:6      | Found an ancient bone altar of Kikubaaqudgha.
  7435 | D:6      | Found a hide-covered altar of Uskayaw.
  7505 | D:6      | Fell from the grace of Elyvilon
  7505 | D:6      | Became a worshipper of the Shining One
  7506 | D:6      | Acquired 484 gold pieces
  7510 | D:6      | Acquired the amulet of Divine Intervention {Acrobat rC+
                  | Dex+6}
  7632 | D:7      | Noticed Harold
  7935 | D:7      | Killed Harold
  7936 | D:7      | Reached skill level 9 in Polearms
  7936 | D:7      | Reached XP level 9. HP: 71/71 MP: 9/9
  8179 | D:7      | Reached skill level 10 in Polearms
  8548 | D:7      | Noticed a two-headed ogre
  8556 | D:7      | Noticed a four-headed hydra
  8556 | D:7      | Reached * piety under the Shining One
  8565 | D:7      | Killed a two-headed ogre
  8566 | D:7      | Reached skill level 5 in Armour
  8566 | D:7      | Reached skill level 10 in Dodging
  8566 | D:7      | Reached XP level 10. HP: 71/80 MP: 10/10
  8575 | D:7      | Killed a four-headed hydra
  8576 | D:7      | Reached skill level 11 in Polearms
  8648 | D:7      | Identified the +3 leather armour "Niquah" {*Corrode rElec
                  | rPois Will+}
  8648 | D:7      | Noticed a death knight
  9318 | D:7      | Noticed a manticore
  9328 | D:7      | Killed a manticore
  9502 | D:7      | Noticed a cyclops
  9513 | D:7      | Killed a cyclops
  9647 | D:8      | Identified the +0 helmet "Jusuezyodd" {rPois rN+}
  9693 | D:8      | Found a sand-covered staircase.
  9700 | Ossuary  | Entered an ossuary
  9759 | Ossuary  | Reached ** piety under the Shining One
  9909 | Ossuary  | Reached skill level 1 in Invocations
 10004 | Ossuary  | Reached *** piety under the Shining One
 10137 | Ossuary  | Reached **** piety under the Shining One
 10393 | D:8      | Noticed a deep elf pyromancer
 10405 | D:8      | Killed a deep elf pyromancer
 10406 | D:8      | Reached skill level 12 in Polearms
 10406 | D:8      | Reached XP level 11. HP: 67/89 MP: 10/12
 11242 | D:8      | Found a staircase to the Lair.
 11992 | D:9      | Noticed a two-headed ogre
 12004 | D:9      | Killed a two-headed ogre
 12187 | D:9      | Reached skill level 10 in Fighting
 12346 | D:9      | You fall into a shaft and drop 3 floors!
 12355 | D:12     | Noticed a five-headed hydra
 12389 | D:12     | Reached skill level 13 in Polearms
 12435 | D:12     | Noticed a two-headed ogre
 12450 | D:12     | Killed a two-headed ogre
 12451 | D:12     | Reached skill level 1 in Shields
 12756 | D:12     | Noticed a manticore
 12765 | D:12     | Noticed a two-headed ogre
 12766 | D:12     | Noticed an eight-headed hydra
 12768 | D:12     | Noticed a manticore
 13198 | D:11     | Noticed a centaur warrior
 13215 | D:11     | The Shining One protects you from harm!
 13218 | D:11     | Noticed a brown ugly thing
 13225 | D:10     | Entered Level 10 of the Dungeon
 13514 | D:10     | Reached skill level 5 in Invocations
 14248 | D:10     | Noticed a two-headed ogre
 14534 | D:9      | Killed a two-headed ogre
 14693 | D:10     | Noticed a cyclops
 14693 | D:10     | Reached ***** piety under the Shining One
 14708 | D:10     | Killed a cyclops
 14709 | D:10     | Reached XP level 12. HP: 90/98 MP: 14/16
 15273 | D:10     | Found a staircase to the Orcish Mines.
 15374 | D:11     | Noticed a two-headed ogre
 15387 | D:11     | Killed a two-headed ogre
 15673 | D:11     | Noticed a two-headed ogre
 15686 | D:11     | Killed a two-headed ogre
 16032 | D:11     | Killed a centaur warrior
 16213 | D:11     | Found a portal to a secret trove of treasure.
 16341 | D:12     | Killed a five-headed hydra
 16342 | D:12     | Reached skill level 14 in Polearms
 17608 | D:13     | Noticed Jorgrun
 17945 | D:13     | Noticed a centaur warrior
 17974 | D:13     | Killed a centaur warrior
 18393 | D:13     | Noticed an eight-headed hydra
 18409 | D:13     | Killed an eight-headed hydra
 18767 | D:13     | Noticed Azrael
 18810 | D:13     | Killed Azrael
 18811 | D:13     | Reached XP level 13. HP: 45/106 MP: 18/18
 19141 | D:13     | Killed Jorgrun
 19142 | D:13     | Reached skill level 15 in Polearms
 19270 | D:13     | Noticed a vault guard
 19526 | D:13     | Found a glowing silver altar of Zin.
 19530 | D:13     | Noticed an angel
 19715 | D:13     | Killed a vault guard
 19911 | D:13     | Noticed a vault guard
 19975 | D:13     | Killed a vault guard
 20125 | D:13     | Found a gate to the Vaults.
 20125 | D:13     | Noticed a vault guard
 20151 | D:13     | Killed a vault guard
 20519 | D:14     | You fall into a shaft and drop 1 floor!
 20519 | D:15     | Entered Level 15 of the Dungeon
 20603 | D:14     | Found a frozen archway.
 20617 | IceCv    | Entered an ice cave
 20664 | IceCv    | The Shining One protects you from harm!
 20664 | IceCv    | Slain by a dire elephant simulacrum

Illustrated notes

Levels and vault maps discovered:
D:1:      dpeg_chamrin_arrival_tetris, layout_basic, minmay_tromino_i4
D:2:      layout_basic
D:3:      layout_loops_ring, serial_shops, nicolae_shop_trees,
          minmay_misc_feat_hallway, grunt_ministairs_9, columned_hall_lemuel,
          kennysheep_generic_room_5
D:4:      layout_rooms
D:5:      layout_basic
D:6:      layout_loops_cross, minitemple, minmay_temple_entry_arrows,
          minmay_circle_x
D:7:      minmay_the_grid_square_5x5_3x3 [minmay_the_grid_square_5x5_corner,
          minmay_the_grid_square_5x5_two, minmay_the_grid_square_5x5_six,
          minmay_the_grid_square_5x5_plus,
          minmay_the_grid_square_5x5_megaprize_open,
          minmay_the_grid_square_5x5_inset,
          minmay_the_grid_square_5x5_broken_cross, minmay_the_grid_square_5x5_v,
          minmay_the_grid_square_5x5_minivault], layout_basic, uniq_harold
D:8:      layout_basic, lair_entry_dummy, enter_ossuary_1,
          dilly_guarded_unrand_elemental_staff
D:9:      layout_roguey, serial_co_window_serial, co_window_of_opportunity_a,
          co_window_paths_a, co_window_paths_a, co_window_of_opportunity_a,
          co_window_corner_a, co_window_of_opportunity_b, co_window_paths_c,
          co_window_broadway_b, co_window_paths_e, co_window_sun,
          glass_columns_a, glass_columns_c, glass_columns_a, glass_columns_a,
          glass_columns_c, abandoned_shop
D:10:     layout_cave_pools, david_orc_4, nicolae_lava_and_water
D:11:     layout_irregular_city, nicolae_trove_entry_columns
D:12:     layout_roguey, chequers_serial_rivers_marsh, minmay_orc_keep
D:13:     layout_roguey, grunt_vaults_entry_fortified, zin_angel, uniq_azrael,
          uniq_jorgrun
D:14:     layout_rooms, portal_ice_cave_entry_pillars_2,
          minmay_misc_feat_secret_circle, kennysheep_opposing_triangles,
          uniq_frances
D:15:     gammafunk_depths_entry_grave, layout_loops_ring,
          hangedman_decor_cross_pass, serial_ice, serial_ice_o, serial_ice_i,
          serial_ice_n, serial_ice_f, serial_ice_d, serial_ice_e,
          beargit_hepliaklqana_dungeon_heroes
Temple:   compressed_dpeg_circular_temple
IceCv:    ice_cave_small_necro

Skill      XL: |  1  2  3  4  5  6  7  8  9 10 11 12 13 |
---------------+----------------------------------------+-----
Polearms       | 5 6 7 9 10 12 13 14 15 | 15.8
Armour         | 1 2 3 4 5 |  5.9
Fighting       | 3 4 5 6 8 9 10 11 12 | 12.4
Dodging        | 5 6 7 8 10 11 12 13 14 | 14.7
Invocations    | 2 5 7 9 |  9.2
Shields        | 2 4 |  4.0
Throwing       | |  2.0

Action                   |  1- 3 |  4- 6 |  7- 9 | 10-12 | 13-15 || total
-------------------------+-------+-------+-------+-------+-------++-------
Melee: Trident           |   141 |   267 |   305 |  1204 |   357 ||  2274
       Tailslap          |       |       |       |       |    33 ||    33
Throw: Throwing net      |       |     3 |     2 |     6 |       ||    11
       Dart              |       |       |       |     1 |     1 ||     2
Invok: Divine Shield     |       |       |       |     2 |     2 ||     4
       Cleansing Flame   |       |       |       |       |     1 ||     1
  Use: Scroll            |     2 |    10 |     7 |    17 |     1 ||    37
       Potion            |       |       |     2 |     8 |     1 ||    11
 Stab: Sleeping          |       |     4 |     2 |       |       ||     6
Armor: Leather armour    |    43 |    67 |    61 |       |       ||   171
       Skin              |       |       |    21 |       |       ||    21
       Steam dragon scal |       |       |       |   153 |    24 ||   177
Dodge: Dodged            |    68 |   169 |   194 |   897 |   192 ||  1520
Block: Buckler           |       |       |       |    89 |   105 ||   194

Table legend: (Time is in decaauts)
 A = Elapsed time spent in this place.
 B = Non-inter-level travel time spent in this place.
 C = Inter-level travel time spent in this place.
 D = Time resting spent in this place.
 E = Time spent auto-exploring this place.
 F = Levels seen in this place.
 G = Mean time per level.
                   A        B        C        D        E       F      G
               +--------+--------+--------+--------+--------+-----+--------+
         Total |  20054 |  19436 |    618 |   2664 |  13468 |  18 | 1114.1 |
       Dungeon |  19299 |  18681 |    618 |   2546 |  13064 |  15 | 1286.6 |
        Temple |    128 |    128 |      0 |      0 |     98 |   1 |  128.0 |
       Ossuary |    594 |    594 |      0 |    118 |    306 |   1 |  594.0 |
      Ice Cave |     31 |     31 |      0 |      0 |      0 |   1 |   31.0 |
               +--------+--------+--------+--------+--------+-----+--------+

Top non-repeatable levels by time:
    D:12: 2061 daAuts
    D:13: 1985 daAuts
     D:7: 1829 daAuts
     D:3: 1615 daAuts
     D:9: 1575 daAuts
     D:6: 1535 daAuts
    D:11: 1491 daAuts
     D:8: 1483 daAuts
     D:2: 1254 daAuts
    D:10: 1166 daAuts
     D:1: 1158 daAuts
     D:4: 1098 daAuts
     D:5: 955 daAuts
 Ossuary: 594 daAuts
  Temple: 128 daAuts
